 Dungeon Crawl Stone Soup version 0.25-a0-474-ga8a2ee3166 (webtiles) character file.

Game seed: 1205798382121670826, levelgen mode: deterministic

39612 Gargoyl the Envoy of Void (level 13, 0/108 HPs)
             Began as a Centaur Abyssal Knight on Feb 6, 2020.
             Was a High Priest of Lugonu.
             Succumbed to a spiny frog's poison
             ... on level 6 of the Lair of Beasts on Feb 7, 2020.
             The game lasted 00:33:04 (25994 turns).

Gargoyl the Envoy of Void (Centaur Abyssal Knight) Turns: 25994, Time: 00:33:04

Health: 0/108      AC: 22    Str: 25    XL:     13   Next: 70%
Magic:  21/21      EV:  8    Int:  9    God:    Lugonu [*****.]
Gold:   889        SH: 10    Dex: 12    Spells: 12/12 levels left

rFire    + . .     SeeInvis .   z - +3 hand axe (flame)
rCold    . . .     Gourm    .   q - +0 shield
rNeg     . . .     Faith    .   D - +1 scale mail {rF+}
rPois    .         Spirit   .   t - +2 helmet
rElec    +         Reflect  .   B - +1 cloak {MR+}
rCorr    .         Harm     .   (no gloves)
MR       +....                  d - +1 centaur barding
Stlth    ..........             (no amulet)
HPRegen  0.28/turn              b - +2 ring of dexterity
MPRegen  0.17/turn              w - ring "Joheclepp" {Str+4 Stlth-}

@: lethally poisoned (0 -> -12), very quick
A: large, hooves 3, deformed body, dopey 1, speed 2, electricity resistance,
strong 1, tough skin 3
a: Depart the Abyss, Bend Space, Banish, Corrupt, Enter the Abyss, Renounce
Religion


You were on level 6 of the Lair of Beasts.
You worshipped Lugonu.
Lugonu was extremely pleased with you.
You were not hungry.

You visited 2 branches of the dungeon, and saw 16 of its levels.
You visited the Abyss 1 time.

You collected 889 gold pieces.

Inventory:

Hand Weapons
 a - a +2 hand axe
 r - a +3 hand axe
 v - a cursed +0 broad axe
 z - a +3 hand axe of flaming (weapon)
Missiles
 i - 22 boomerangs (quivered)
Armour
 d - a +1 centaur barding (worn)
 q - a +0 shield (worn)
 t - a +2 helmet (worn)
 B - a +1 cloak of magic resistance (worn)
 D - a +1 scale mail of fire resistance (worn)
Jewellery
 b - a +2 ring of dexterity (left hand)
 w - the ring "Joheclepp" (right hand) {Str+4 Stlth-}
   (You found it on level 8 of the Dungeon)

   [ring of attention]

   It affects your strength (+4).
   It makes you less stealthy.
Wands
 j - a wand of iceblast (4)
 l - a wand of paralysis (12)
 m - a wand of digging (3)
 n - a wand of clouds (1)
 s - a wand of disintegration (15)
 x - a wand of polymorph (10)
Scrolls
 g - 4 scrolls of remove curse
 o - 6 scrolls of blinking
 p - 4 scrolls of identify
 u - 4 scrolls of teleportation
 y - a scroll of fear
Potions
 f - 2 potions of brilliance
 h - 2 potions of haste
 A - a potion of cancellation
 C - a potion of flight
Miscellaneous
 e - 2 boxes of beasts
Comestibles
 c - 31 rations
 k - 3 chunks of flesh


   Skills:
 + Level 8.5 Fighting
 + Level 10.4 Axes
 + Level 2.0 Throwing
 * Level 9.5 Armour
 * Level 7.5 Dodging
 + Level 5.6 Shields
 * Level 11.1 Invocations
 + Level 0.1 Evocations


You had 12 spell levels left.
You didn't know any spells.
Your spell library contained the following spells:

 Spells                   Type           Power        Failure   Level  Hunger
 Apportation              Tloc           #.....       86%         1    ##.....
 Magic Dart               Conj           #...         86%         1    ##.....
 Shock                    Conj/Air       #...         86%         1    ##.....
 Sting                    Tmut/Pois      #...         86%         1    ##.....
 Summon Butterflies       Summ           #.......     86%         1    ##.....
 Blink                    Tloc           N/A          95%         2    ###....
 Call Imp                 Summ           #.......     95%         2    ###....
 Poisonous Vapours        Pois/Air       #.....       95%         2    ###....
 Slow                     Hex            #.......     95%         2    ###....
 Sublimation of Blood     Necr           #.........   95%         2    ###....
 Swiftness                Chrm/Air       #.......     95%         2    ###....
 Conjure Flame            Conj/Fire      #.......     99%         3    ####...
 Gell's Gravitas          Tloc           #.........   99%         3    ####...
 Ignite Poison            Fire/Tmut/Pois #.......     99%         3    ####...
 Lesser Beckoning         Tloc           #.........   99%         3    ####...
 Mephitic Cloud           Conj/Pois/Air  #.......     99%         3    ####...
 Portal Projectile        Hex/Tloc       #.....       99%         3    ####...
 Static Discharge         Conj/Air       #.......     99%         3    ####...
 Tukima's Dance           Hex            #.......     99%         3    ####...
 Airstrike                Air            #.........   100%        4    #####..
 Olgreb's Toxic Radiance  Pois           #.......     100%        4    #####..
 Petrify                  Tmut/Erth      #.......     100%        4    #####..
 Alistair's Intoxication  Tmut/Pois      #.......     100%        5    ######.
 Irradiate                Conj/Tmut      #.........   100%        5    ######.
 Lightning Bolt           Conj/Air       #.........   100%        5    ######.
 Dispersal                Tloc           #.........   100%        6    #######
 Eringya's Noxious Bog    Tmut/Pois      #.........   100%        6    #######
 Invisibility             Hex            #.......     100%        6    #######
 Controlled Blink         Tloc           N/A          100%        8    #######
 Disjunction              Tloc           #.........   100%        8    #######


Dungeon Overview and Level Annotations

Branches:
Dungeon (10/15)            Temple (0/1) D:7            Lair (6/6) D:10
 Shoals (0/4) Lair:4        Snake (0/4) Lair:3        Slime (0/5) Lair:6
    Orc (0/2) D:9

Altars:
Ashenzari
Gozag
The Shining One
Jiyva

Shops:
D:6 (

Annotations:
Lair:4 3 runed translucent doors, demivan's ghost, journeyman TrFi
Abyss:1 Erica, Sonja


Innate Abilities, Weirdness & Mutations

You have hooves in place of feet.
Armour fits poorly on your strangely shaped body.
You cover ground very quickly.
You have extremely tough skin. (AC +3)
You are dopey. (Int -2)
You are resistant to electric shocks. (rElec)
Your muscles are strong. (Str +2)


Message History

The spiny frog is severely wounded.
The spiny frog stings you!!
* * * LOW HITPOINT WARNING * * *
You hit the spiny frog. You burn the spiny frog.
The spiny frog is almost dead.
The spiny frog stings you!
* * * LOW HITPOINT WARNING * * *
You are lethally poisoned!
The spiny frog poisons you!
Okay, then.
You barely miss the spiny frog.
The spiny frog is almost dead.
* * * LOW HITPOINT WARNING * * *
You feel sick.
The spiny frog stings you but does no damage.
Unknown command.
You slash the spiny frog! You burn the spiny frog.
You kill the spiny frog!
Lugonu accepts your kill.
You die...

### #####
###.#####.#.#
######............
#@#.#.............
##†...............
##.....P.##...#P#
##....#........###
###....#.....#..##.#
##........._..(......
#......###.>.........
##...#####...........
#...##.......###..F#


There were no monsters in sight!

Vanquished Creatures
  A centaur warrior (D:8)
  2 hydras
  3 death yaks
  2 unseen horrors (D:8)
  An oklob plant (Lair:3)
  15 elephants
  5 black mambas (Lair:3)
  Maurice (D:10)
  A torpor snail (Lair:4)
  5 spiny frogs
  2 rime drakes (Lair:6)
  An ice devil (Lair:4)
  6 komodo dragons
  2 merfolk (Lair:4)
  Grinder (D:4)
  6 blink frogs
  9 dream sheep
  12 hippogriffs
  3 wyverns
  2 basilisks
  27 yaks
  Grum (D:10)
  2 vampire mosquitoes (Lair:6)
  Menkaure (D:4)
  An acid dragon (D:10)
  4 porcupines
  18 water moccasins
  7 orc warriors
  2 sky beasts
  2 ice beasts
  4 ogres
  16 wolves
  2 phantoms
  4 centaurs
  10 crocodiles
  3 big kobolds (D:8)
  15 bullfrogs
  A gnoll sergeant (D:5)
  A water moccasin skeleton (D:4)
  13 killer bees
  4 wights
  2 electric eels (Lair:4)
  2 crimson imps
  A hound (D:7)
  A gnoll shaman (D:6)
  2 jellies
  6 orc priests
  9 orc wizards
  A bullfrog skeleton (D:5)
  An iguana (D:4)
  5 worker ants
  2 worker ant zombies
  11 gnolls
  23 adders
  A howler monkey skeleton (D:6)
  2 shadow imps
  An ooze (D:5)
  An adder zombie (D:8)
  2 adder skeletons
  4 worms (D:2)
  9 leopard geckos
  45 orcs
  2 ball pythons
  5 giant cockroaches
  22 goblins
  12 hobgoblins
  9 jackals
  9 kobolds
  4 quokkas
  7 bats
  10 frilled lizards
  2 leopard gecko zombies (D:5)
  2 quokka skeletons
  3 rats
  A plant (Lair:4)
437 creatures vanquished.

Vanquished Creatures (collateral kills)
  A komodo dragon (Lair:2)
  A bullfrog (Lair:2)
  An ufetubus (Abyss:2)
  A plant (Lair:2)
4 creatures vanquished.

Vanquished Creatures (others)
  A centaur warrior (D:8)
  An unseen horror (D:8)
  A manticore (D:8)
  A spiny frog (Lair:6)
  An efreet (D:8)
  An ice devil (Lair:4)
  A water moccasin (Lair:3)
  2 orc warriors
  A killer bee (D:8)
  An iguana (D:9)
  A bush (Lair:6)
  8 fungi
  60 plants
80 creatures vanquished.

Grand Total: 521 creatures vanquished

Notes
Turn   | Place    | Note
-------+----------+-------------------------------------------
     0 | Abyss:1  | Gargoyl the Centaur Abyssal Knight began the quest for the
                  | Orb.
     0 | Abyss:1  | Reached XP level 1. HP: 19/19 MP: 2/2
   131 | Abyss:2  | Noticed a tentacled starspawn
   133 | Abyss:2  | Noticed an ophan
   134 | D:1      | Escaped the Abyss
   294 | D:1      | Reached XP level 2. HP: 26/26 MP: 3/3
   347 | D:1      | Reached * piety under Lugonu
   787 | D:1      | Reached skill level 1 in Dodging
   787 | D:1      | Reached XP level 3. HP: 25/31 MP: 4/4
  1166 | D:2      | Reached XP level 4. HP: 39/39 MP: 5/5
  1297 | D:2      | Found a glowing golden altar of the Shining One.
  1793 | D:2      | Reached ** piety under Lugonu
  2386 | D:3      | HP: 1/40 [orc/+0 hand axe (2)]
  2391 | D:3      | Reached XP level 5. HP: 5/46 MP: 7/7
  2790 | D:3      | Found an opulent altar of Gozag.
  2811 | D:3      | Reached skill level 3 in Invocations
  3321 | D:4      | Reached *** piety under Lugonu
  3416 | D:4      | Noticed Grinder
  3416 | D:4      | Paralysed by Grinder for 4 turns
  3426 | D:4      | Killed Grinder
  3426 | D:4      | Reached XP level 6. HP: 27/52 MP: 8/8
  4259 | D:4      | Noticed Menkaure
  4266 | D:4      | Killed Menkaure
  4266 | D:4      | Reached XP level 7. HP: 15/59 MP: 9/9
  4561 | D:5      | Entered Level 5 of the Dungeon
  4590 | D:5      | Reached skill level 4 in Invocations
  5432 | D:5      | Reached **** piety under Lugonu
  5451 | D:5      | Reached XP level 8. HP: 26/67 MP: 11/11
  6313 | D:6      | Reached skill level 5 in Axes
  6313 | D:6      | Reached skill level 1 in Shields
  6660 | D:6      | Found Iruunor's Antique Weapon Boutique.
  7262 | D:7      | Upgraded the game from 0.25-a0-471-g78e40d7af6 to
                  | 0.25-a0-474-ga8a2ee3166
  7276 | D:7      | Reached skill level 5 in Fighting
  7276 | D:7      | Reached skill level 5 in Invocations
  8188 | D:7      | Reached XP level 9. HP: 43/74 MP: 9/13
  8868 | D:7      | Found a staircase to the Ecumenical Temple.
  9278 | D:8      | Reached skill level 5 in Armour
  9467 | D:8      | Found a runed translucent door.
  9699 | D:8      | Noticed a centaur warrior
  9699 | D:8      | Noticed a manticore
  9743 | D:8      | Noticed a two-headed ogre
  9761 | D:8      | Banished a two-headed ogre
  9761 | D:8      | Reached skill level 6 in Invocations
 10672 | D:8      | Killed a centaur warrior
 10672 | D:8      | Reached XP level 10. HP: 34/83 MP: 9/14
 11282 | D:8      | Banished a manticore
 11417 | D:8      | Killed an unseen horror
 11417 | D:8      | Reached skill level 7 in Invocations
 11420 | D:8      | Noticed a centaur warrior
 11438 | D:8      | Gained mutation: You are dopey. (Int -2) [potion of
                  | mutation]
 11438 | D:8      | Gained mutation: Your muscles are strong. (Str +2) [potion
                  | of mutation]
 11438 | D:8      | Gained mutation: You are resistant to electric shocks.
                  | (rElec) [potion of mutation]
 11441 | D:8      | Banished a centaur warrior
 11442 | D:8      | Banished an unseen horror
 11442 | D:8      | Reached skill level 5 in Dodging
 11445 | D:8      | Got a scorched golden ring
 11445 | D:8      | Got a scorched brass ring
 11883 | D:8      | Killed an unseen horror
 11883 | D:8      | Reached skill level 8 in Invocations
 12180 | D:8      | Reached XP level 11. HP: 41/89 MP: 17/17
 12471 | D:8      | Noticed a three-headed hydra
 12476 | D:8      | Killed a one-headed hydra
 12698 | D:9      | Found a shattered altar of Ashenzari.
 14206 | D:9      | Found a staircase to the Orcish Mines.
 14326 | D:9      | Noticed Erica
 14345 | D:9      | Banished Erica
 14652 | D:10     | Entered Level 10 of the Dungeon
 14796 | D:10     | Identified the ring "Mehiublu" {*Corrode rElec rPois rN++
                  | Slay-4 Stlth-} (You found it on level 8 of the Dungeon)
 14799 | D:10     | Identified the ring "Joheclepp" {Str+4 Stlth-} (You found
                  | it on level 8 of the Dungeon)
 15099 | D:10     | Reached skill level 9 in Invocations
 15268 | D:10     | Found a staircase to the Lair.
 15360 | D:10     | Noticed Sonja
 15369 | D:10     | Banished Sonja
 15369 | D:10     | Reached skill level 1 in Throwing
 15807 | D:10     | Noticed Grum
 15821 | D:10     | Killed Grum
 15901 | D:10     | Noticed Maurice
 15921 | D:10     | Killed Maurice
 16142 | Lair:1   | Entered Level 1 of the Lair of Beasts
 17449 | Lair:1   | Reached XP level 12. HP: 100/100 MP: 18/18
 17451 | Lair:1   | Noticed a five-headed hydra
 17461 | Lair:1   | Killed a one-headed hydra
 18208 | Lair:2   | Reached ***** piety under Lugonu
 20109 | Lair:3   | Reached skill level 10 in Invocations
 20806 | Lair:3   | HP: 5/101 [poisoned by a black mamba]
 21177 | Lair:3   | Found a staircase to the Snake Pit.
 21556 | Lair:3   | Reached XP level 13. HP: 35/107 MP: 20/20
 21944 | Lair:3   | Reached skill level 5 in Shields
 23342 | Lair:4   | Found a staircase to the Shoals.
 23705 | Lair:4   | Reached skill level 10 in Axes
 24043 | Lair:4   | Noticed a death ooze
 24044 | Lair:4   | Found a runed translucent gate.
 24044 | Lair:4   | Found a runed translucent gate.
 24045 | Lair:4   | Found a runed translucent gate.
 24047 | Lair:4   | Found a viscous altar of Jiyva.
 24047 | Lair:4   | Noticed demivan's ghost (journeyman TrFi)
 24930 | Lair:6   | Entered Level 6 of the Lair of Beasts
 25228 | Lair:6   | Found a viscous altar of Jiyva.
 25229 | Lair:6   | Found a staircase to the Slime Pits.
 25700 | Lair:6   | Reached skill level 11 in Invocations
 25992 | Lair:6   | HP: 2/108 [spiny frog (15)]
 25994 | Lair:6   | Succumbed to a spiny frog's poison

Levels and vault maps discovered:
D:1:      dpeg_arrival_tiny_g, layout_loops_ring, minmay_cut_off
D:2:      layout_loops_cross, first_ration, minmay_misc_feat_hallway, tso_altar
D:3:      layout_basic, grunt_gozag_statues, hangedman_decor_points
D:4:      layout_loops_corners, uniq_grinder, uniq_menkaure
D:5:      layout_loops_corners, minivault_24, nrook_loot_triangle,
          minmay_ogre_servants
D:6:      corexii_shack_village, layout_basic, serial_shops, nicolae_shop_stone
D:7:      layout_loops_ring, minmay_temple_entry_crystal_x
D:8:      minmay_the_grid_four_pointed_star
          [minmay_the_grid_triangle_9x9_subtriangle,
          minmay_the_grid_triangle_9x9_minimal,
          minmay_the_grid_triangle_9x9_skeleton,
          minmay_the_grid_triangle_9x9_thin_v,
          minmay_the_grid_prize_shrinking_boxes], layout_loops_ring,
          hangedman_ranch [blue_anna_fruit_fields],
          hangedman_abyss_or_decor_stagger
D:9:      layout_roguey, david_orc_4, basic_altar, uniq_erica
D:10:     layout_rooms, erik_lair_dragon, uniq_sonja, uniq_maurice, uniq_grum
Lair:1:   layout_long_grid, serial_bayou_shore_b
Lair:2:   layout_chaotic_city, grunt_forest_small_clearings,
          infiniplex_staircase_pool_2, grunt_megastairs_3
Lair:3:   layout_regular_city, minmay_snake_entry_six_corridors
Lair:4:   layout_regular_city, elwin_shoals_entry_rooms,
          portal_ice_cave_demonic_guard, gammafunk_ghost_ooze,
          nicolae_volcano_entry_two_sided
Lair:5:   layout_cave_pods, minmay_lair_oklob_bushes, grunt_megastairs_2
Lair:6:   minmay_lair_end_frog_pond, layout_concentric_octagons, slime_altar_1

Skill      XL: |  1  2  3  4  5  6  7  8  9 10 11 12 13 |
---------------+----------------------------------------+-----
Axes           | 2 3 4 5 7 8 9 10 | 10.4
Dodging        | 1 2 3 4 5 6 7 |  7.5
Armour         | 2 3 4 5 6 7 8 9 |  9.5
Invocations    | 3 4 5 6 8 9 10 11 | 11.1
Fighting       | 4 5 6 7 8 |  8.5
Shields        | 1 2 3 4 5 |  5.6
Throwing       | 1 2 |  2.0
Evocations     | |  0.1

Action                   |  1- 3 |  4- 6 |  7- 9 | 10-12 | 13-15 || total
-------------------------+-------+-------+-------+-------+-------++-------
Melee: Hand axe          |   111 |   215 |   542 |   926 |   436 ||  2230
       Kick              |    13 |    30 |   148 |   300 |   184 ||   675
Throw: Boomerang         |       |       |     7 |    26 |     4 ||    37
Invok: Depart the Abyss  |     1 |       |       |       |       ||     1
       Banish            |       |       |     5 |    12 |     3 ||    20
Evoke: Box of beasts     |     1 |       |       |       |       ||     1
       Wand              |       |       |     1 |     4 |       ||     5
  Use: Scroll            |     4 |     4 |     6 |     4 |     2 ||    20
       Potion            |       |     3 |     4 |     5 |     1 ||    13
 Stab: Confused          |       |       |     2 |     1 |       ||     3
  Eat: Chunk             |       |     9 |    12 |    27 |    10 ||    58
       Ration            |       |       |     2 |     3 |     1 ||     6
Armor: Leather armour    |    80 |   153 |     7 |       |       ||   240
       Ring mail         |       |       |    55 |       |       ||    55
       Plate armour      |       |       |   365 |   440 |       ||   805
       Skin              |       |       |       |    15 |       ||    15
       Scale mail        |       |       |       |   179 |   253 ||   432
Dodge: Dodged            |    43 |    94 |    46 |   131 |   140 ||   454
Block: Buckler           |       |    25 |    23 |       |       ||    48
       Shield            |       |       |   171 |   424 |   209 ||   804

Table legend:
 A = Non-vault XP
 B = Vault XP
 C = Vault XP percentage of total XP
 D = Non-vault monster count
 E = Vault monster count
 F = Vault count percentage of total count
                 A         B        C        D         E       F
            +---------+---------+-------+---------+---------+-------
      Total |   38550 |   18039 |  31.9 |     333 |     120 |  26.5
            +---------+---------+-------+---------+---------+-------
        D:1 |      28 |       8 |  22.2 |      15 |       5 |  25.0
        D:2 |     110 |       0 |   0.0 |      35 |       0 |   0.0
        D:3 |     113 |       0 |   0.0 |      24 |       0 |   0.0
        D:4 |     237 |     449 |  65.5 |      15 |       2 |  11.8
        D:5 |     437 |     136 |  23.7 |      21 |       9 |  30.0
        D:6 |     964 |      25 |   2.5 |      26 |      12 |  31.6
        D:7 |    1341 |       0 |   0.0 |      29 |       0 |   0.0
        D:8 |    3456 |    6338 |  64.7 |      31 |      26 |  45.6
        D:9 |    1108 |    1347 |  54.9 |      12 |      16 |  57.1
       D:10 |     416 |    2507 |  85.8 |      10 |      11 |  52.4
     Lair:1 |    4123 |       0 |   0.0 |      18 |       0 |   0.0
     Lair:2 |    5994 |    1283 |  17.6 |      27 |       5 |  15.6
     Lair:3 |    8451 |    1563 |  15.6 |      30 |      14 |  31.8
     Lair:4 |    5266 |    1290 |  19.7 |      19 |       5 |  20.8
     Lair:5 |     775 |     246 |  24.1 |       2 |       2 |  50.0
     Lair:6 |    5726 |    2847 |  33.2 |      18 |      13 |  41.9
    Abyss:2 |       5 |       0 |   0.0 |       1 |       0 |   0.0
            +---------+---------+-------+---------+---------+-------
